 Dungeon Sprint DCSS version 0.21.0-3-g78d12a8 (webtiles) character file.

2800000 Sayani the Axe Maniac (level 18, -59/200 HPs)
             Began as a Minotaur Berserker on Jan 11, 2018.
             Was an Elder of Trog.
             Annihilated by a meat berserker
             ... wielding a +9 battleaxe
              (72 damage)
             ... in the Dungeon (Sprint VIII: "Arena of Blood").
             The game lasted 00:01:56 (28 turns).

Sayani the Axe Maniac (Minotaur Berserker)            Turns: 28, Time: 00:01:57

Health: -59/200    AC:  4    Str: 28    XL:     18   Next: 82%
Magic:  17/17      EV: 28    Int:  4    God:    Trog [****..]
Gold:   0          SH:  0    Dex: 12    Spells: 17/17 levels left

rFire    . . .     SeeInvis .   j - +∞ Axe of Woe
rCold    . . .     Gourm    .   (shield currently unavailable)
rNeg     . . .     Faith    .   b - +0 animal skin
rPois    .         Spirit   .   (helmet restricted)
rElec    .         Reflect  .   (no cloak)
rCorr    .         Harm     .   (no gloves)
MR       +++..     NoTele   +   (no boots)
Stlth    ++++++++..             (no amulet)
HPRegen  1.43/turn              k - +30 ring of slaying
MPRegen  0.15/turn              (no ring)

@: regenerating
A: retaliatory headbutt, horns 2
a: Berserk, Trog's Hand, Brothers in Arms, Burn Spellbooks, Renounce Religion


You were in the Dungeon.
You worshipped Trog.
Trog was greatly pleased with you.
You were not hungry.

You visited 1 branch

Inventory:

Hand Weapons
 a - a +0 hand axe
 j - the +∞ Axe of Woe (weapon)
   (You found it in the Dungeon)
Armour
 b - a +0 animal skin (worn)
Jewellery
 k - a +30 ring of slaying (left hand)
Scrolls
 i - a scroll of blinking
Potions
 d - a potion of curing
 e - a potion of heal wounds
 f - a potion of haste
 g - 2 potions of magic
 h - a potion of berserk rage
Comestibles
 c - a ration


   Skills:
 O Level 27 Fighting
 O Level 27 Axes
 + Level 23.4 Throwing
 O Level 27 Armour
 O Level 27 Dodging
 + Level 21.6 Stealth
 + Level 24.8 Unarmed Combat


You had 17 spell levels left.
You didn't know any spells.

Dungeon Overview and Level Annotations

Branches:
Dungeon (1/1)

Altars:
Makhleb


Innate Abilities, Weirdness & Mutations

You reflexively headbutt those who attack you in melee.
You have a pair of horns on your head.


Message History

The destroyer blinks!
You hear a shout! x4
A bag of meat comes into view. It is wielding a +9 war axe.
You dice the meat berserker like an onion!!!
You chop the meat berserker into pieces.
You kill the meat berserker!
Trog accepts your kill.
Your Throwing skill gained 2 levels and is now at level 23!
Your Stealth skill gained 2 levels and is now at level 21!
Your Unarmed Combat skill gained 2 levels and is now at level 24!
You hear a shout! x3
The destroyer blinks!
You hear a shout!
Unknown command.
Press < or > to pray at altars.
You hear a shout! x9
The destroyer blinks!
You hear a shout!
The meat berserker hits you with a +9 battleaxe!!!!
You die...

.... .... .. ...
.. #.o .# #..
..# ..###..
..###.
..o....###....§.
.......)@O......
.....#..)..#.§.§
... #_.<._# . .
#.....#
....._.....
......###.V....
.###.. ..###.
#.. ..# #.. ..#


You could see a destroyer, a meat berserker (berserk) and a bag of meat.

Vanquished Creatures
  5 orcs (D)
  7 ogres (D)
12 creatures vanquished.

Notes
Turn   | Place    | Note
-------+----------+-------------------------------------------
     0 | D        | Found the +∞ Axe of Woe
     0 | D        | Sayani the Minotaur Berserker began the quest for the Orb.
     0 | D        | Reached XP level 1. HP: 19/19 MP: 0/0
     7 | D        | Noticed a meat berserker
    11 | D        | Killed a meat berserker
    11 | D        | Reached XP level 2. HP: 66/66 MP: 1/1
    11 | D        | Reached XP level 3. HP: 73/73 MP: 2/2
    11 | D        | Reached XP level 4. HP: 82/82 MP: 3/3
    11 | D        | Reached XP level 5. HP: 90/90 MP: 4/4
    11 | D        | Reached XP level 6. HP: 97/97 MP: 5/5
    11 | D        | Reached XP level 7. HP: 105/105 MP: 6/6
    11 | D        | Reached XP level 8. HP: 114/114 MP: 7/7
    12 | D        | Reached XP level 9. HP: 122/122 MP: 8/8
    12 | D        | Reached XP level 10. HP: 130/130 MP: 9/9
    12 | D        | Reached XP level 11. HP: 138/138 MP: 10/10
    12 | D        | Reached XP level 12. HP: 146/146 MP: 11/11
    12 | D        | Reached XP level 13. HP: 154/154 MP: 12/12
    12 | D        | Noticed a bag of meat
    12 | D        | Noticed a bag of meat
    13 | D        | Noticed a meat berserker
    15 | D        | Noticed a bag of meat
    15 | D        | Noticed a meat berserker
    17 | D        | Noticed a bag of meat
    17 | D        | Noticed a meat berserker
    17 | D        | Noticed a meat berserker
    18 | D        | Killed a meat berserker
    18 | D        | Reached ** piety under Trog
    18 | D        | Reached skill level 27 in Fighting
    18 | D        | Reached skill level 27 in Axes
    18 | D        | Reached XP level 14. HP: 82/168 MP: 13/13
    18 | D        | HP: 4/168 [meat berserker/+9 battleaxe (78)]
    19 | D        | Noticed a bag of meat
    19 | D        | Killed a meat berserker
    19 | D        | Reached XP level 15. HP: 5/174 MP: 14/14
    20 | D        | Killed a meat berserker
    20 | D        | Reached XP level 16. HP: 5/183 MP: 15/15
    21 | D        | Noticed a meat berserker
    21 | D        | Reached *** piety under Trog
    21 | D        | Reached skill level 27 in Armour
    21 | D        | Reached skill level 27 in Dodging
    21 | D        | Reached skill level 5 in Stealth
    22 | D        | Noticed a meat berserker
    22 | D        | Killed a meat berserker
    22 | D        | Reached XP level 17. HP: 6/191 MP: 16/16
    22 | D        | Reached skill level 15 in Throwing
    23 | D        | Noticed a meat berserker
    24 | D        | Noticed a destroyer
    24 | D        | Received a gift from Trog
    24 | D        | Reached skill level 15 in Stealth
    25 | D        | Reached **** piety under Trog
    26 | D        | Killed a meat berserker
    26 | D        | Reached XP level 18. HP: 10/200 MP: 17/17
    27 | D        | Killed a meat berserker
    28 | D        | Annihilated by a meat berserker

Skill      XL: |  1  2  3  4  5  6  7  8  9 10 11 12 13 14 15 16 17 18 |
---------------+-------------------------------------------------------+-----
Fighting       | 25 27 | 27.0
Axes           | 25 27 | 27.0
Armour         | 14 20 25 27 | 27.0
Dodging        | 14 20 26 27 | 27.0
Throwing       | 13 21 23 | 23.4
Stealth        | 12 19 21 | 21.6
Unarmed Combat | 14 22 24 | 24.8

Action                   |  1- 3 |  4- 6 |  7- 9 | 10-12 | 13-15 | 16-18 || total
-------------------------+-------+-------+-------+-------+-------+-------++-------
Melee: Executioner's axe |     1 |       |       |       |     3 |     6 ||    10
Invok: Trog's Hand       |       |       |       |       |       |     1 ||     1
